 Dungeon Sprint DCSS version 0.31-a0-716-gc7603755dd (webtiles) character file.

Game seed: 16979442541324334473

11917 rocky1 the Fencer (level 12, -3/98 HPs)
             Began as a Djinni Gladiator on Sept 11, 2023.
             Was an Initiate of Gozag.
             Slain by a merfolk
             ... wielding a +2 heavy spear
             ... led by a merfolk impaler
              (17 damage)
             ... in the Dungeon (Sprint VII: "The Pits").
             The game lasted 00:16:44 (3575 turns).

rocky1 the Fencer (Djinni Gladiator)                Turns: 3575, Time: 00:16:45

Health: -3/98      AC:  8    Str: 18    XL:     12   Next: 13%
Gold:   1043       EV: 26    Int:  7    God:    Gozag SH:  0 Dex: 20

rFire   + + .        F - +1 triple sword (flame)
rCold   . . .        (shield currently unavailable)
rNeg    . . .        b - +1 leather armour of Ning {Contam rC+ Str+2}
rPois   ∞            j - +0 helmet of Perfidy {Fly Regen+ rCorr Int-3}
rElec   .            (no cloak)
rCorr   +            i - +0 pair of gloves {infuse}
SInv    .            (boots unavailable)
Will    +....        (no amulet)
Stlth   ++           h - +3 ring of strength
HPRegen 1.16/turn    p - +3 ring of evasion
MPRegen 0.00/turn

%: no teleportation, infuse magic (-4 HP)
@: gold aura, flying, hasted, very quick
A: sickness immunity, fire resistance 2, cold vulnerability 1, float, innate
caster, HP casting, extra vitality 1
a: Renounce Religion, Potion Petition, Call Merchant, Bribe Branch


You were in the Dungeon.
You worshipped Gozag.
Gozag was most pleased with you.
You visited 1 branch You collected 5935 gold pieces.
You spent 2535 gold pieces at shops.
You paid 2357 gold pieces to Gozag.

Inventory:

Hand Weapons
 r - a +4 scimitar of holy wrath
 F - a +1 triple sword of flaming (weapon)
Missiles
 d - 3 throwing nets (quivered)
 e - a javelin
Armour
 b - the +1 leather armour of Ning (worn) {Contam rC+ Str+2}
   (You bought it in a shop in the Dungeon)

   Str+2:     It affects your strength (+2).
   rC+:       It protects you from cold.
   Contam:    It causes magical contamination when unequipped.
 i - a +0 pair of gloves of infusion (worn)
 j - the +0 helmet of Perfidy (worn) {Fly Regen+ rCorr Int-3}
   (You bought it in a shop in the Dungeon)

   Int-3:     It affects your intelligence (-3).
   Fly:       It grants you flight.
   Regen+:    It increases your rate of health regeneration.
   rCorr:     It protects you from acid and corrosion.
 t - a +5 ring mail
Jewellery
 h - a +3 ring of strength (left hand)
 p - a +3 ring of evasion (right hand)
 z - a ring of positive energy
 A - a ring of protection from fire
 B - a ring of protection from cold
Wands
 n - a wand of acid (12)
Scrolls
 k - 3 scrolls of identify
 l - 2 scrolls of vulnerability
 o - 2 scrolls of enchant armour
 u - 8 scrolls of enchant weapon
 x - a scroll of blinking
 y - a scroll of poison
 C - a scroll of immolation
 E - a scroll of revelation
 G - a scroll of fog
Potions
 f - 12 potions of curing
 g - 4 potions of heal wounds
 q - 2 potions of mutation
 v - a potion of berserk rage


   Skills:
 + Level 13.6 Fighting
 * Level 17.0 Long Blades
 - Level 3.7 Throwing
 + Level 9.2 Armour
 + Level 15.9 Dodging
 - Level 0.6 Stealth
 * Level 4.5 Spellcasting
 * Level 4.5 Conjurations
 * Level 4.5 Hexes
 * Level 4.5 Summonings
 * Level 4.5 Necromancy
 * Level 4.5 Translocations
 * Level 4.5 Transmutations
 * Level 4.5 Fire Magic
 * Level 4.5 Ice Magic
 * Level 4.5 Air Magic
 * Level 4.5 Earth Magic
 * Level 4.5 Poison Magic


You knew the following spells:

 Your Spells              Type           Power      Damage    Failure   Level
a - Apportation           Tloc           14%        N/A       5%          1
b - Lesser Beckoning      Tloc           14%        N/A       8%          2
c - Call Canine Familiar  Summ           7%         N/A       16%         3
d - Cause Fear            Hex            3%         N/A       45%         4
e - Yara's Violent Unrav  Hex/Tmut       3%         3d4       82%         5
Your spell library was empty.

Dungeon Overview and Level Annotations

Branches:
Dungeon (1/1)

Altars:
Ashenzari
Cheibriados
Dithmenos
Elyvilon
Fedhas
Gozag
Hepliaklqana
Makhleb
Nemelex Xobeh
Okawaru
Qazlal
Ru
Trog
Uskayaw
Wu Jian
Xom
Yredelemnul
Zin
The Shining One
Jiyva
Lugonu

Shops:
D ?[


Innate Abilities, Weirdness & Mutations

You are immune to sickness and miasma.
You are immune to poison.
Your flesh is very heat resistant. (rF++)
You are vulnerable to cold. (rC-)
You float through the air rather than walking.
You learn spells naturally, not from books.
Your magical power is your life essence.
You have superior vitality. (+4 MHP)


Message History

A merfolk and a rat come into view.
The merfolk is wielding a +2 heavy spear.
The merfolk shouts!
The merfolk throws a boomerang.
The boomerang hits you!
The merfolk hits you from afar with a +0 spear!
You hit the merfolk. You burn the merfolk.
The merfolk is lightly wounded.
The merfolk completely misses you. The merfolk hits you with a +0 spear.
The merfolk misses you.
The merfolk impaler hits you with a +0 trident.
The merfolk hits you with a +2 heavy spear!
You barely miss the merfolk impaler.
The merfolk impaler completely misses you.
The merfolk closely misses you.
The merfolk hits you from afar with a +0 spear!!
The merfolk misses you.
You slice the merfolk impaler!! You burn the merfolk impaler!
The merfolk impaler is severely wounded.
The merfolk impaler closely misses you.
You miss the merfolk impaler.
The merfolk impaler is severely wounded.
The merfolk closely misses you. The merfolk completely misses you.
The merfolk hits you from afar with a +0 spear!
* * * LOW HITPOINT WARNING * * *
The merfolk completely misses you.
* * * LOW HITPOINT WARNING * * *
You slice the rat!! You burn the rat.
You kill the rat!
The merfolk is distracted by your dazzling golden aura.
The merfolk misses you.
The merfolk impaler hits you with a +0 trident!
* * * LOW HITPOINT WARNING * * *
The merfolk misses you.
The merfolk shouts!
You miss the merfolk impaler.
The merfolk impaler is severely wounded.
The merfolk impaler misses you.
The merfolk hits you with a +2 heavy spear!
You die...
Your body crumbles into a pile of gold.

########################
..............mmmm......
................@$m.....
############++##########


You could see a merfolk impaler and 4 merfolk.

Vanquished Creatures
  Aizul (D)
  A merfolk impaler (D)
  A boulder beetle (D)
  A two-headed ogre (D)
  A sun demon (D)
  A sixfirhy (D)
  A fire crab (D)
  2 bog bodies (D)
  A phantasmal warrior (D)
  A manticore (D)
  Maurice (D)
  2 elephants (D)
  A smoke demon (D)
  An orange demon (D)
  A kobold demonologist (D)
  A freezing wraith (D)
  A troll (D)
  2 merfolk (D)
  A tarantella (D)
  A hornet (D)
  Grinder (D)
  A wyvern (D)
  2 jumping spiders (D)
  A shadow (D)
  Sigmund (D)
  Eustachio (D)
  A basilisk (D)
  A steam dragon (D)
  2 redbacks (D)
  An acid dragon (D)
  A floating eye (D)
  A sky beast (D)
  An orc warrior (D)
  Blork the orc (D)
  A kobold brigand (D)
  A bullfrog (D)
  A scorpion (D)
  5 killer bees (D)
  A crimson imp (D)
  A jelly (D)
  4 orc priests (D)
  A gnoll (D)
  An adder (D)
  3 ufetubi (D)
  A worm (D)
  8 orcs (D)
  A bat zombie (D)
  An endoplasm (D)
  3 giant cockroaches (D)
  A jackal (D)
  A quokka (D)
  2 ball pythons (D)
  A ball python simulacrum (D)
  A kobold (D)
  A rat (D)
79 creatures vanquished.

Vanquished Creatures (others)
  An ice beast (D)
  A white imp (D)
  An adder zombie (D)
  A jackal (D)
4 creatures vanquished.

Grand Total: 83 creatures vanquished

Notes
Turn   | Place    | Note
-------+----------+-------------------------------------------
     0 | D        | rocky1 the Djinni Gladiator began the quest for the Orb.
     0 | D        | Reached XP level 1. HP: 18/18 MP: 0/0
    15 | D        | Reached skill level 3 in Long Blades
    19 | D        | Found a bloodstained altar of Trog.
    19 | D        | Found a viscous altar of Jiyva.
    19 | D        | Found a hazy altar of Hepliaklqana.
    19 | D        | Found an opulent altar of Gozag.
    42 | D        | Found a glowing golden altar of the Shining One.
    42 | D        | Found a glowing silver altar of Zin.
    42 | D        | Found a basalt altar of Yredelemnul.
    42 | D        | Found a shimmering altar of Xom.
    42 | D        | Found an ornate altar of the Wu Jian Council.
    42 | D        | Found a sacrificial altar of Ru.
    42 | D        | Found a stormy altar of Qazlal.
    42 | D        | Found an iron altar of Okawaru.
    42 | D        | Found a sparkling altar of Nemelex Xobeh.
    42 | D        | Found a burning altar of Makhleb.
    42 | D        | Found a blossoming altar of Fedhas.
    42 | D        | Found a white marble altar of Elyvilon.
    42 | D        | Found a shadowy altar of Dithmenos.
    42 | D        | Found a snail-covered altar of Cheibriados.
    46 | D        | Found a corrupted altar of Lugonu.
    47 | D        | Found a broken altar of Ashenzari.
    47 | D        | Found a hide-covered altar of Uskayaw.
    49 | D        | Became a worshipper of Gozag Ym Sagoz the Greedy
    61 | D        | Reached XP level 2. HP: 20/24 MP: 0/0
   228 | D        | Noticed Grinder
   244 | D        | Killed Grinder
   245 | D        | Reached skill level 7 in Long Blades
   245 | D        | Reached XP level 3. HP: 23/31 MP: 0/0
   245 | D        | Learned a level 1 spell: Apportation
   245 | D        | Reached XP level 4. HP: 28/37 MP: 0/0
   245 | D        | Reached XP level 5. HP: 31/41 MP: 0/0
   245 | D        | Learned a level 2 spell: Lesser Beckoning
   245 | D        | Reached XP level 6. HP: 35/47 MP: 0/0
   483 | D        | Noticed Blork the orc
   502 | D        | Killed Blork the orc
   535 | D        | Noticed Sigmund
   560 | D        | Reached skill level 8 in Long Blades
   572 | D        | Killed Sigmund
   573 | D        | Reached skill level 5 in Fighting
   573 | D        | Reached skill level 9 in Long Blades
   573 | D        | Reached XP level 7. HP: 24/54 MP: 0/0
   573 | D        | Learned a level 3 spell: Call Canine Familiar
   721 | D        | Reached skill level 5 in Armour
   721 | D        | Reached skill level 1 in Spellcasting
   721 | D        | Reached skill level 1 in Conjurations
   721 | D        | Reached skill level 1 in Hexes
   721 | D        | Reached skill level 1 in Summonings
   721 | D        | Reached skill level 1 in Necromancy
   721 | D        | Reached skill level 1 in Translocations
   721 | D        | Reached skill level 1 in Transmutations
   721 | D        | Reached skill level 1 in Fire Magic
   721 | D        | Reached skill level 1 in Ice Magic
   721 | D        | Reached skill level 1 in Air Magic
   721 | D        | Reached skill level 1 in Earth Magic
   721 | D        | Reached skill level 1 in Poison Magic
   741 | D        | Noticed a jumping spider
   741 | D        | Noticed Eustachio
   781 | D        | Killed a jumping spider
   782 | D        | Reached skill level 10 in Long Blades
   782 | D        | Reached skill level 10 in Dodging
   782 | D        | Reached XP level 8. HP: 34/61 MP: 0/0
   811 | D        | Killed Eustachio
   812 | D        | Reached skill level 11 in Long Blades
  1254 | D        | Noticed a hornet
  1254 | D        | Noticed an orange demon
  1265 | D        | Killed a hornet
  1275 | D        | Killed an orange demon
  1276 | D        | Reached XP level 9. HP: 51/68 MP: 0/0
  1276 | D        | Learned a level 4 spell: Cause Fear
  1281 | D        | Noticed a troll
  1288 | D        | Reached skill level 12 in Long Blades
  1311 | D        | Killed a troll
  1575 | D        | Bought a shiny troll leather armour for 522 gold pieces
  1575 | D        | Bought a warped leather armour for 203 gold pieces
  1575 | D        | Identified the +1 leather armour of Ning {Contam rC+ Str+2}
                  | (You bought it in a shop in the Dungeon)
  1575 | D        | Bought a pair of glowing gloves for 217 gold pieces
  1575 | D        | Bought a slimy helmet for 275 gold pieces
  1575 | D        | Identified the +0 helmet of Perfidy {Fly Regen+ rCorr
                  | Int-3} (You bought it in a shop in the Dungeon)
  1824 | D        | Noticed a bog body
  1824 | D        | Noticed an elephant
  1838 | D        | Killed an elephant
  1839 | D        | Reached skill level 13 in Long Blades
  1856 | D        | Killed a bog body
  1857 | D        | Reached XP level 10. HP: 43/78 MP: 0/0
  1918 | D        | Noticed a manticore
  1925 | D        | Killed a manticore
  1932 | D        | Reached skill level 14 in Long Blades
  2079 | D        | Noticed a sixfirhy
  2086 | D        | Killed a sixfirhy
  2087 | D        | Reached skill level 10 in Fighting
  2205 | D        | Noticed Maurice
  2205 | D        | Noticed a kobold demonologist
  2205 | D        | Noticed a freezing wraith
  2216 | D        | Killed a freezing wraith
  2218 | D        | Noticed a sun demon
  2225 | D        | Killed Maurice
  2239 | D        | Killed a kobold demonologist
  2240 | D        | Reached skill level 15 in Long Blades
  2500 | D        | Noticed Aizul
  2543 | D        | Killed Aizul
  2544 | D        | Reached XP level 11. HP: 48/87 MP: 0/0
  2544 | D        | Learned a level 5 spell: Yara's Violent Unravelling
  3029 | D        | Noticed a fire crab
  3032 | D        | Noticed a phantasmal warrior
  3042 | D        | Noticed a boulder beetle
  3047 | D        | Killed a phantasmal warrior
  3084 | D        | Killed a fire crab
  3085 | D        | Reached skill level 16 in Long Blades
  3115 | D        | Killed a boulder beetle
  3283 | D        | Bought a scroll of immolation for 52 gold pieces
  3283 | D        | Bought 3 scrolls of enchant weapon for 292 gold pieces
  3283 | D        | Bought a scroll of fear for 52 gold pieces
  3283 | D        | Bought a scroll of revelation for 97 gold pieces
  3283 | D        | Bought a scroll of enchant weapon for 97 gold pieces
  3283 | D        | Bought a scroll of acquirement for 676 gold pieces
  3283 | D        | Bought a scroll of fog for 52 gold pieces
  3285 | D        | Acquired a +1 triple sword of flaming
  3307 | D        | Noticed an elephant
  3316 | D        | Killed an elephant
  3317 | D        | Reached skill level 15 in Dodging
  3330 | D        | Noticed a merfolk impaler
  3330 | D        | Noticed a bog body
  3339 | D        | Killed a bog body
  3419 | D        | Killed a merfolk impaler
  3524 | D        | Noticed a two-headed ogre
  3529 | D        | Noticed a sun demon
  3540 | D        | Killed a two-headed ogre
  3541 | D        | Reached XP level 12. HP: 97/98 MP: 0/0
  3543 | D        | Killed a sun demon
  3544 | D        | Reached skill level 17 in Long Blades
  3565 | D        | Noticed a merfolk impaler
  3575 | D        | Slain by a merfolk

Illustrated notes

Levels and vault maps discovered:
D:        pitsprint [storerooms_1, entrance_room_1, metal_vault_2, armoury_3,
          mini_pit_1, grid_room_1, main_hall_1, silver_pit, the_coven_1,
          the_vestibule_1, steel_vault_4, golden_pit, hallway_of_sentries,
          crystal_vault_3, iron_vault_1, final_vault]

Skill      XL: |  1  2  3  4  5  6  7  8  9 10 11 12 |
---------------+-------------------------------------+-----
Long Blades    | 3 7 9 10 11 13 15 16 17 | 17.0
Dodging        | 4 7 9 10 12 13 15 | 15.9
Throwing       | 3 |  3.7
Fighting       | 4 5 6 7 9 11 13 | 13.6
Armour         | 3 4 5 7 8 9 |  9.2
Spellcasting   | 1 4 |  4.5
Conjurations   | 1 4 |  4.5
Hexes          | 1 4 |  4.5
Summonings     | 1 4 |  4.5
Necromancy     | 1 4 |  4.5
Translocations | 1 4 |  4.5
Transmutations | 1 4 |  4.5
Fire Magic     | 1 4 |  4.5
Ice Magic      | 1 4 |  4.5
Air Magic      | 1 4 |  4.5
Earth Magic    | 1 4 |  4.5
Poison Magic   | 1 4 |  4.5
Stealth        | |  0.6

Action                     |  1- 3 |  4- 6 |  7- 9 | 10-12 || total
---------------------------+-------+-------+-------+-------++-------
  Melee: Long sword        |    35 |    38 |    85 |       ||   158
         Punch             |       |       |     2 |     2 ||     4
         Scimitar          |       |       |    57 |   164 ||   221
         Triple sword      |       |       |       |    42 ||    42
 Invoke: Call Merchant     |       |       |     1 |     1 ||     2
         Potion Petition   |       |       |       |     4 ||     4
    Use: Potion            |     1 |       |     8 |    13 ||    22
         Scroll            |       |       |     1 |     5 ||     6
   Stab: Sleeping          |       |       |     1 |       ||     1
         Invisible         |       |       |     2 |     9 ||    11
 Armour: Leather armour    |    30 |     2 |     5 |    87 ||   124
         Ring mail         |       |    22 |   111 |       ||   133
  Dodge: Dodged            |    37 |    25 |   171 |   183 ||   416

Table legend: (Time is in decaauts)
 A = Elapsed time spent in this place.
 B = Non-inter-level travel time spent in this place.
 C = Inter-level travel time spent in this place.
 D = Time resting spent in this place.
 E = Time spent auto-exploring this place.
 F = Levels seen in this place.
 G = Mean time per level.
                   A        B        C        D        E       F      G
               +--------+--------+--------+--------+--------+-----+--------+
         Total |   3563 |   3495 |     68 |   2133 |      0 |   1 | 3563.0 |
       Dungeon |   3563 |   3495 |     68 |   2133 |      0 |   1 | 3563.0 |
               +--------+--------+--------+--------+--------+-----+--------+

Top non-repeatable levels by time:
       D: 3563 daAuts
